 Dungeon Crawl Stone Soup version 0.26.1-2-gb8aa6d0cf2 (webtiles) character file.

Game seed: 9837454280234578829

104 leafyfresh the Magician (level 4, -2/32 HPs)
             Began as a Gnoll Hedge Wizard on Feb 9, 2021.
             Slain by a scorpion (4 damage)
             ... on level 4 of the Dungeon.
             The game lasted 00:03:10 (1133 turns).

leafyfresh the Magician (Gnoll Hedge Wizard)        Turns: 1133, Time: 00:03:10

Health: -2/32      AC:  3    Str: 12    XL:     4   Next: 80%
Magic:  5/13       EV: 15    Int: 18    God:
Gold:   19         SH:  0    Dex: 20    Spells: 11/17 levels left

rFire    + . .     SeeInvis .   a - +0 dagger
rCold    + . .     Faith    .   (no shield)
rNeg     . . .     Spirit   .   b - +0 robe
rPois    +         Reflect  .   c - +0 hat
rElec    +         Harm     .   (no cloak)
rCorr    +         Rampage  .   (no gloves)
Will     .....                  f - +0 pair of boots
Stlth    +++.......             (no amulet)
HPRegen  0.10/turn              d - +6 ring of dexterity
MPRegen  0.13/turn              (no ring)

@: mighty, brilliant, lethally poisoned (-2 -> -4), resistant
A: distributed training, fangs 1, strong nose
a: no special abilities


You were on level 4 of the Dungeon.
You visited 1 branch of the dungeon, and saw 3 of its levels.

You collected 19 gold pieces.

Inventory:

Hand Weapons
 a - a +0 dagger (weapon)
Armour
 b - a +0 robe (worn)
 c - a +0 hat (worn)
 f - a +0 pair of boots (worn)
 j - a +1 leather armour of fire resistance
Jewellery
 d - a +6 ring of dexterity (left hand)
Scrolls
 e - a scroll of teleportation {unknown}
Potions
 g - a potion of brilliance
 h - a potion of resistance
 k - a potion of flight {unknown}
 l - a potion of attraction {unknown}


   Skills:
 + Level 1.2 Fighting
 + Level 1.2 Short Blades
 + Level 1.2 Long Blades
 + Level 1.2 Axes
 + Level 1.2 Maces & Flails
 + Level 1.2 Polearms
 + Level 1.2 Staves
 + Level 1.2 Slings
 + Level 1.2 Bows
 + Level 1.2 Crossbows
 + Level 1.2 Throwing
 + Level 1.2 Armour
 + Level 4.7 Dodging
 + Level 4.3 Stealth
 + Level 1.2 Shields
 + Level 1.2 Unarmed Combat
 + Level 7.2 Spellcasting
 + Level 2.3 Conjurations
 + Level 1.0 Hexes
 + Level 2.3 Summonings
 + Level 1.0 Necromancy
 + Level 2.3 Translocations
 + Level 1.0 Transmutations
 + Level 1.0 Fire Magic
 + Level 1.0 Ice Magic
 + Level 1.0 Air Magic
 + Level 1.0 Earth Magic
 + Level 1.0 Poison Magic
 + Level 1.3 Invocations
 + Level 1.2 Evocations


You had 11 spell levels left.
You knew the following spells:

 Your Spells              Type           Power        Failure   Level
a - Magic Dart            Conj           88%          4%          1
b - Mephitic Cloud        Conj/Pois/Air  17%          17%         3
c - Blink                 Tloc           N/A          6%          2

Your spell library contained the following spells:

 Spells                   Type           Power        Failure   Level
 Call Imp                 Summ           22%          6%          2
 Slow                     Hex            15%          11%         2
 Conjure Flame            Conj/Fire      18%          16%         3


Dungeon Overview and Level Annotations

Branches:
Dungeon (2/15)

Altars:

Shops:
D:4 *


Innate Abilities, Weirdness & Mutations

Your experience applies equally to all skills.
You have very sharp teeth.
Your uncanny sense of smell can sniff out nearby items.


Message History

Confirm with . or Enter, or press ? or * to list all spells.
Aiming: Magic Dart (safe; 4% risk of failure)
Press: ? - help, Shift-Dir - straight line, f/p - scorpion
Aim: a scorpion (severely wounded, 0% to evade)
The magic dart hits the scorpion.
The scorpion is severely wounded.
You feel sick. The scorpion stings you.
* * * LOW HITPOINT WARNING * * *
Your magical contamination has completely faded away.
It was a potion of brilliance.
You feel clever all of a sudden. The scorpion closely misses you.
It was a potion of resistance.
You feel protected. The scorpion closely misses you.
It was a potion of might.
You feel very mighty all of a sudden.
* * * LOW HITPOINT WARNING * * *
You feel sick. The scorpion stings you.
You die...

#....##..†.##.......#
#....##...)##.......#
### #..................#
...##.........##......##
..............##......##
.......................#
.......................#
...##...###...##.......#
#..@# #...##......##
#...s..#...##......##
#......#....#.......#
+......#....+.......#
#......#....#...#'#.#
#......#....#...+∩+.#
###...## #...#+### #...#
#......## ∆ #.......#


You could see a scorpion.

Vanquished Creatures
  A worker ant (D:4)
  A hound skeleton (D:4)
  3 adders (D:4)
  2 oozes
  An adder skeleton (D:4)
  A worm (D:2)
  A leopard gecko (D:1)
  4 bats
  A giant cockroach (D:2)
  2 goblins
  A hobgoblin (D:1)
  4 frilled lizards (D:1)
  7 kobolds
  3 rats
32 creatures vanquished.

Vanquished Creatures (others)
  An adder (D:4)
1 creature vanquished.

Grand Total: 33 creatures vanquished

Notes
Turn   | Place    | Note
-------+----------+-------------------------------------------
     0 | D:1      | leafyfresh the Gnoll Hedge Wizard began the quest for the
                  | Orb.
     0 | D:1      | Reached XP level 1. HP: 13/13 MP: 8/8
   364 | D:1      | Reached XP level 2. HP: 19/19 MP: 10/10
   723 | D:2      | Reached XP level 3. HP: 22/25 MP: 11/11
   826 | D:2      | Learned a level 3 spell: Mephitic Cloud
   829 | D:2      | Learned a level 2 spell: Blink
   881 | D:2      | You fall into a shaft and drop 2 floors!
   894 | D:4      | Found Foijeta's General Store.
   900 | D:4      | Reached skill level 1 in Invocations
   904 | D:4      | Reached skill level 1 in Fighting
   904 | D:4      | Reached skill level 1 in Short Blades
   904 | D:4      | Reached skill level 1 in Long Blades
   904 | D:4      | Reached skill level 1 in Axes
   904 | D:4      | Reached skill level 1 in Maces & Flails
   904 | D:4      | Reached skill level 1 in Polearms
   904 | D:4      | Reached skill level 1 in Staves
   904 | D:4      | Reached skill level 1 in Slings
   904 | D:4      | Reached skill level 1 in Bows
   904 | D:4      | Reached skill level 1 in Crossbows
   904 | D:4      | Reached skill level 1 in Throwing
   904 | D:4      | Reached skill level 1 in Armour
   904 | D:4      | Reached skill level 1 in Shields
   904 | D:4      | Reached skill level 1 in Unarmed Combat
   904 | D:4      | Reached skill level 1 in Evocations
   913 | D:4      | Reached XP level 4. HP: 25/32 MP: 4/13
  1044 | D:4      | Reached skill level 1 in Hexes
  1044 | D:4      | Reached skill level 1 in Necromancy
  1044 | D:4      | Reached skill level 1 in Transmutations
  1044 | D:4      | Reached skill level 1 in Fire Magic
  1044 | D:4      | Reached skill level 1 in Ice Magic
  1044 | D:4      | Reached skill level 1 in Air Magic
  1044 | D:4      | Reached skill level 1 in Earth Magic
  1044 | D:4      | Reached skill level 1 in Poison Magic
  1133 | D:4      | Slain by a scorpion

Illustrated notes

Levels and vault maps discovered:
D:1:      mrwooster_arrival_statue, layout_basic
D:2:      layout_basic, chequers_garden, ebering_dispersal_statue_hall
D:4:      layout_gridville, pdpol_wu_jian_five_deadly_venoms, serial_shops,
          nicolae_shop_behind_doors, shop, shop, shop,
          nicolae_shop_temple_entry_statues_fountains

Skill      XL: |  1  2  3  4 |
---------------+-------------+-----
Conjurations   | 2 |  2.3
Summonings     | 2 |  2.3
Translocations | 2 |  2.3
Invocations    | 1 |  1.3
Fighting       | 1 |  1.2
Short Blades   | 1 |  1.2
Long Blades    | 1 |  1.2
Axes           | 1 |  1.2
Maces & Flails | 1 |  1.2
Polearms       | 1 |  1.2
Staves         | 1 |  1.2
Slings         | 1 |  1.2
Bows           | 1 |  1.2
Crossbows      | 1 |  1.2
Throwing       | 1 |  1.2
Armour         | 1 |  1.2
Shields        | 1 |  1.2
Unarmed Combat | 1 |  1.2
Evocations     | 1 |  1.2
Hexes          | 1 |  1.0
Necromancy     | 1 |  1.0
Transmutations | 1 |  1.0
Fire Magic     | 1 |  1.0
Ice Magic      | 1 |  1.0
Air Magic      | 1 |  1.0
Earth Magic    | 1 |  1.0
Poison Magic   | 1 |  1.0
Dodging        | |  4.7
Stealth        | |  4.3
Spellcasting   | |  7.2

Action                   |  1- 3 |  4- 6 || total
-------------------------+-------+-------++-------
Melee: Dagger            |    73 |    21 ||    94
       Bite              |     6 |     4 ||    10
       Punch             |       |     1 ||     1
 Cast: Magic Dart        |    25 |    14 ||    39
       Mephitic Cloud    |     1 |     1 ||     2
  Use: Potion            |       |     3 ||     3
 Stab: Sleeping          |     7 |       ||     7
       Confused          |       |     1 ||     1
Armor: Robe              |    10 |     2 ||    12
Dodge: Dodged            |    68 |    20 ||    88
